 Dungeon Crawl Stone Soup version 0.24-a0-434-gd57e52fea8 (webtiles) character file.

Game seed: 234829964900692227

7065 Nattfarinn the Fighter (level 10, -10/96 HPs)
             Began as a Minotaur Fighter on June 17, 2019.
             Was a High Priest of Okawaru.
             Mangled by Urug
             ... wielding a +5 great mace
              (19 damage)
             ... on level 10 of the Dungeon.
             The game lasted 00:16:36 (8896 turns).

Nattfarinn the Fighter (Minotaur Fighter)           Turns: 8896, Time: 00:16:37

Health: -10/96     AC:  9    Str: 18 (21) XL:     10   Next: 83%
Magic:  10/12      EV: 13    Int: 12 (13) God:    Okawaru [*****.]
Gold:   456        SH: 13    Dex: 10 (13) Spells: 9/9 levels left

rFire    . . .     SeeInvis .   a - +0 trident
rCold    . . .     Gourm    .   c - +0 shield
rNeg     . . .     Faith    .   h - +0 troll leather armour
rPois    .         Spirit   .   (helmet restricted)
rElec    .         Reflect  .   K - +0 cloak
rCorr    .         Harm     .   (no gloves)
MR       ++...                  j - +0 pair of boots
Stlth    ++........             (no amulet)
HPRegen  0.66/turn              D - ring of protection from magic
MPRegen  0.13/turn              L - +3 ring of intelligence

@: brilliant, heroism
A: retaliatory headbutt, claws 1, horns 2, magic resistance 1, no potion heal 1
a: Heroism, Finesse, Renounce Religion


You were on level 10 of the Dungeon.
You worshipped Okawaru.
Okawaru was extremely pleased with you.
You were not hungry.

You visited 1 branch of the dungeon, and saw 12 of its levels.

You collected 456 gold pieces.

Inventory:

Hand Weapons
 a - a +0 trident (weapon)
Armour
 b - a +0 scale mail
 c - a +0 shield (worn)
 h - a +0 troll leather armour (worn)
 j - a +0 pair of boots (worn)
 K - a +0 cloak (worn)
Jewellery
 o - an uncursed ring of wizardry
 C - an uncursed ring of magical power
 D - a ring of protection from magic (left claw)
 L - a +3 ring of intelligence (right claw)
Wands
 g - a wand of iceblast (9)
 s - a wand of digging (6)
 t - a wand of random effects (28)
 I - a wand of flame (20)
Scrolls
 i - 2 scrolls of immolation
 k - 2 scrolls of enchant weapon {unknown}
 m - 3 scrolls of remove curse
 n - 2 scrolls of blinking {unknown}
 q - a scroll of brand weapon {unknown}
 u - 3 scrolls of teleportation
 v - a scroll of random uselessness {unknown}
 y - 2 scrolls of enchant armour {unknown}
 z - a scroll of noise {unknown}
 B - 2 scrolls of magic mapping {unknown}
 G - 3 scrolls of fog
 H - a scroll of vulnerability {unknown}
 J - 2 scrolls of amnesia {unknown}
Potions
 e - a potion of brilliance
 l - 3 potions of curing
 r - 2 potions of flight {unknown}
 w - 2 potions of lignification {unknown}
 x - 5 potions of degeneration
 A - 2 potions of haste {unknown}
 E - 2 potions of ambrosia {unknown}
 F - 2 potions of invisibility {unknown}
Comestibles
 f - 19 rations


   Skills:
 * Level 11.4(16.4) Fighting
 * Level 11.1(16.1) Polearms
 + Level 8.7(13.7) Armour
 + Level 8.6(13.6) Shields
 + Level 4.9 Invocations


You had 9 spell levels left.
You didn't know any spells.
Your spell library contained the following spells:

 Spells                   Type           Power        Failure   Level  Hunger
 Corona                   Hex            #......      5%          1    ##.....
 Flame Tongue             Conj/Fire      #....        5%          1    ##.....
 Summon Butterflies       Summ           #.......     5%          1    ##.....
 Ensorcelled Hibernation  Hex/Ice        #.....       8%          2    ###....
 Throw Flame              Conj/Fire      #.....       8%          2    ###....
 Call Canine Familiar     Summ           #.......     14%         3    ####...
 Confuse                  Hex            #.......     14%         3    ####...
 Conjure Flame            Conj/Fire      #.......     14%         3    ####...
 Dazzling Spray           Conj/Hex       #.....       14%         3    ####...
 Inner Flame              Hex/Fire       #.......     14%         3    ####...
 Tukima's Dance           Hex            #.......     14%         3    ####...
 Sticky Flame             Conj/Fire      #.......     38%         4    #####..
 Summon Ice Beast         Ice/Summ       #.......     38%         4    #####..
 Fireball                 Conj/Fire      #.........   69%         5    ######.
 Summon Mana Viper        Hex/Summ       #.......     69%         5    ######.
 Summon Hydra             Summ           #.........   100%        7    #######


Dungeon Overview and Level Annotations

Branches:
Dungeon (12/15)            Temple (0/1) D:4            Lair (0/6) D:9
    Orc (0/2) D:12

Altars:
Elyvilon
Nemelex Xobeh
Okawaru
Qazlal
Sif Muna
Trog
Vehumet
Wu Jian
Yredelemnul
Zin

Portals:
Trove: D:10 (give +7 demon whip)

Annotations:
D:10 Urug


Innate Abilities, Weirdness & Mutations

You reflexively headbutt those who attack you in melee.
You have a pair of horns on your head.
You have sharp fingernails.
You are resistant to hostile enchantments. (MR+)
Potions are less effective at restoring your health.


Message History

You feel better. Urug hits you with a +5 great mace!!
* * * LOW HITPOINT WARNING * * *
Your system partially rejects the healing.
You feel better. You block Urug's attack.
It was a potion of brilliance.
You feel clever all of a sudden.
It was a potion of heal wounds.
Your system partially rejects the healing.
You feel much better. You block Urug's attack.
Okay, then.
You gain the combat prowess of a mighty hero.
Urug closely misses you.
You fail to use your ability.
Urug hits you with a +5 great mace!
* * * LOW HITPOINT WARNING * * *
You hit Urug.
Urug is lightly wounded.
You hit Urug but do no damage. Your headbutt misses Urug.
Urug is lightly wounded.
Urug hits you with a +5 great mace!!
You die...

..######..# .
..........# .
........^.# #
..######..# #..# ..
#..# ###.
..######..# ....
......o...# ...
.......@..# ..#
.#######..# ..# #.(#
..# #.(# ..# #..#
..# #..# ..#### ####
#..# .....###∩.##
#..#
......##...######..#


You could see Urug.

Vanquished Creatures
  A two-headed ogre (D:8)
  An elephant (D:9)
  A gargoyle (D:11)
  2 trolls
  4 hippogriffs
  9 yaks
  Menkaure (D:5)
  A water moccasin (D:9)
  Duvessa (D:5)
  2 ice beasts
  A hornet zombie (D:5)
  3 sky beasts
  2 ogres
  5 centaurs
  2 crocodiles (D:9)
  A big kobold (D:8)
  3 bullfrogs
  Dowan (D:5)
  2 scorpions
  4 howler monkeys
  2 crimson imps (D:9)
  A bullfrog zombie (D:7)
  4 hounds
  3 orc wizards
  A centaur skeleton (D:9)
  3 orc priests
  A quasit (D:6)
  2 bullfrog skeletons (D:6)
  4 iguanas
  9 worker ants
  A killer bee zombie (D:7)
  A hound zombie (D:8)
  A hound skeleton (D:5)
  A howler monkey zombie (D:6)
  4 worker ant zombies
  Robin (D:2)
  4 gnolls (D:4)
  6 adders
  3 howler monkey skeletons
  A shadow imp (D:12)
  An ooze (D:2)
  3 adder skeletons
  3 worms
  3 dart slugs
  3 leopard geckos
  22 orcs
  A bat (D:1)
  5 giant cockroaches
  17 goblins
  12 hobgoblins
  12 jackals
  3 quokkas
  2 jackal skeletons (D:6)
  5 kobolds
  A leopard gecko skeleton (D:4)
  A leopard gecko zombie (D:6)
  5 rats
199 creatures vanquished.

Vanquished Creatures (others)
  An orc wizard (D:10)
1 creature vanquished.

Grand Total: 200 creatures vanquished

Notes
Turn   | Place    | Note
-------+----------+-------------------------------------------
     0 | D:1      | Nattfarinn the Minotaur Fighter began the quest for the
                  | Orb.
     0 | D:1      | Reached XP level 1. HP: 19/19 MP: 0/0
   176 | D:1      | Reached XP level 2. HP: 27/27 MP: 1/1
   546 | D:1      | Reached XP level 3. HP: 33/33 MP: 2/2
   642 | D:2      | Noticed Robin
   666 | D:2      | Killed Robin
   931 | D:2      | Reached XP level 4. HP: 41/41 MP: 3/3
   947 | D:2      | Found an iron altar of Okawaru.
   959 | D:2      | Became a worshipper of Warmaster Okawaru
  1687 | D:3      | Found a stormy altar of Qazlal.
  1809 | D:3      | Found a sparkling altar of Nemelex Xobeh.
  1931 | D:3      | Found a deep blue altar of Sif Muna.
  2120 | D:4      | Noticed an ogre
  2128 | D:4      | Killed an ogre
  2128 | D:4      | Reached skill level 5 in Fighting
  2128 | D:4      | Reached XP level 5. HP: 38/48 MP: 4/4
  2308 | D:4      | Reached XP level 6. HP: 57/57 MP: 5/5
  2547 | D:4      | Reached skill level 5 in Polearms
  2600 | D:4      | Found a white marble altar of Elyvilon.
  2653 | D:4      | Reached * piety under Okawaru
  2748 | D:4      | Found a staircase to the Ecumenical Temple.
  3003 | D:5      | Entered Level 5 of the Dungeon
  3041 | D:5      | Noticed Duvessa
  3042 | D:5      | Noticed Dowan
  3053 | D:5      | Killed Duvessa
  3053 | D:5      | Reached skill level 5 in Armour
  3053 | D:5      | Reached skill level 5 in Shields
  3053 | D:5      | Reached XP level 7. HP: 59/64 MP: 6/6
  3058 | D:5      | Killed Dowan
  3404 | D:5      | Reached ** piety under Okawaru
  3504 | D:5      | Reached XP level 8. HP: 69/73 MP: 7/7
  3693 | D:5      | Noticed Menkaure
  3697 | D:5      | Killed Menkaure
  4084 | D:6      | You fall into a shaft and drop 3 floors!
  4084 | D:9      | Found a staircase to the Lair.
  4084 | D:9      | Noticed a hippogriff
  4085 | D:9      | Noticed an elephant
  4397 | D:9      | Reached *** piety under Okawaru
  4397 | D:9      | Reached skill level 1 in Invocations
  4419 | D:9      | Killed an elephant
  4432 | D:9      | Reached XP level 9. HP: 8/82 MP: 9/9
  4936 | D:6      | Reached **** piety under Okawaru
  5512 | D:6      | Gained mutation: Your natural rate of healing is unusually
                  | fast. [potion of mutation]
  5512 | D:6      | Gained mutation: You tend to lose your temper in combat.
                  | [potion of mutation]
  5512 | D:6      | Gained mutation: You have large cloven feet. [potion of
                  | mutation]
  5513 | D:6      | Lost mutation: You tend to lose your temper in combat.
                  | [potion of mutation]
  5513 | D:6      | Lost mutation: You have large cloven feet. [potion of
                  | mutation]
  5513 | D:6      | Lost mutation: Your natural rate of healing is unusually
                  | fast. [potion of mutation]
  5513 | D:6      | Gained mutation: You have sharp fingernails. [potion of
                  | mutation]
  5513 | D:6      | Gained mutation: Potions are less effective at restoring
                  | your health. [potion of mutation]
  5513 | D:6      | Gained mutation: You are resistant to hostile enchantments.
                  | (MR+) [potion of mutation]
  6154 | D:8      | Found a glowing silver altar of Zin.
  6180 | D:8      | Found an ornate altar of the Wu Jian Council.
  6265 | D:8      | Noticed a two-headed ogre
  6282 | D:8      | Killed a two-headed ogre
  6282 | D:8      | Reached ***** piety under Okawaru
  6282 | D:8      | Reached skill level 10 in Fighting
  6721 | D:8      | Found a bloodstained altar of Trog.
  6877 | D:9      | Found a basalt altar of Yredelemnul.
  6880 | D:9      | Found a radiant altar of Vehumet.
  6925 | D:9      | Reached XP level 10. HP: 93/93 MP: 11/11
  6944 | D:9      | Reached skill level 10 in Polearms
  7158 | D:9      | Received a gift from Okawaru
  7465 | D:9      | You fall into a shaft and drop 3 floors!
  7465 | D:12     | Found a staircase to the Orcish Mines.
  7984 | D:11     | Noticed a gargoyle
  8011 | D:11     | Killed a gargoyle
  8254 | D:10     | Entered Level 10 of the Dungeon
  8648 | D:10     | Found a portal to a secret trove of treasure.
  8687 | D:10     | Noticed Urug
  8889 | D:10     | HP: 2/96 [Urug/+5 great mace (18)]
  8896 | D:10     | Mangled by Urug

Levels and vault maps discovered:
D:1:      dpeg_arrival_pits, layout_basic, minmay_tetromino_i2
D:2:      layout_rooms, first_ration, okawaru_gym_becter, uniq_robin
D:3:      layout_basic, nicolae_overflow_crystal_walls, led_sif_pool,
          chequers_serial_rivers_large_a, nemelex_altar_shiori
D:4:      layout_basic, elyvilon_altar_5, minmay_temple_entry_hall
D:5:      layout_basic, serial_park_tiny_2, uniq_duvessa, uniq_menkaure
D:6:      layout_loops_ring, serial_undead, serial_undead_f, serial_undead_a,
          serial_undead_c, serial_undead_c
D:7:      layout_cave_pools
D:8:      layout_loops_ring, old_standard_altar, nicolae_overflow_hidden_temple,
          basic_altar, blue_anna_alchemist [blue_anna_fruit_fields,
          blue_anna_fruit_fields]
D:9:      layout_roguey, kennysheep_mini, minitemple, david_lair_generic
D:10:     layout_small_grid, serial_rivers, chequers_serial_rivers_room_b,
          chequers_serial_rivers_micro_c, chequers_serial_rivers_small_3,
          chequers_serial_rivers_micro_a, chequers_serial_rivers_micro_d,
          serial_shops, nicolae_shop_behind_doors, nicolae_trove_entry_diagonal,
          uniq_urug
D:11:     layout_loops_corners, minivault_20
D:12:     layout_gridville, orc_0_dummy, minmay_misc_feat_square, wad_mini_maze

Skill      XL: |  1  2  3  4  5  6  7  8  9 10 |
---------------+-------------------------------+-----
Fighting       | 4 5 6 7 8 10 11 | 11.4
Polearms       | 3 4 5 6 8 9 11 | 11.1
Armour         | 4 5 6 7 8 |  8.7
Shields        | 4 5 6 7 8 |  8.6
Invocations    | 1 3 4 |  4.9

Action                   |  1- 3 |  4- 6 |  7- 9 | 10-12 || total
-------------------------+-------+-------+-------+-------++-------
Melee: Trident           |    98 |   154 |   357 |   211 ||   820
       Headbutt          |    17 |    16 |    75 |    46 ||   154
Invok: Heroism           |       |       |       |     4 ||     4
  Use: Potion            |     2 |     1 |     3 |     7 ||    13
       Scroll            |       |       |     5 |     3 ||     8
  Eat: Chunk             |       |     7 |    13 |     3 ||    23
       Ration            |       |       |       |     1 ||     1
Armor: Scale mail        |    29 |    43 |   107 |    33 ||   212
       Troll leather arm |       |       |       |    21 ||    21
Dodge: Dodged            |    19 |    31 |    69 |    51 ||   170
Block: Shield            |    50 |    67 |   143 |    82 ||   342

Table legend:
 A = Non-vault XP
 B = Vault XP
 C = Vault XP percentage of total XP
 D = Non-vault monster count
 E = Vault monster count
 F = Vault count percentage of total count
                 A         B        C        D         E       F
            +---------+---------+-------+---------+---------+-------
      Total |    8544 |    1549 |  15.3 |     171 |      28 |  14.1
            +---------+---------+-------+---------+---------+-------
        D:1 |      40 |       4 |   9.1 |      21 |       2 |   8.7
        D:2 |      60 |      35 |  36.8 |      16 |      12 |  42.9
        D:3 |      11 |       0 |   0.0 |       5 |       0 |   0.0
        D:4 |     432 |       0 |   0.0 |      21 |       0 |   0.0
        D:5 |     848 |     394 |  31.7 |      17 |       3 |  15.0
        D:6 |     411 |      84 |  17.0 |      21 |       6 |  22.2
        D:7 |     356 |       0 |   0.0 |      16 |       0 |   0.0
        D:8 |    1636 |     100 |   5.8 |      12 |       1 |   7.7
        D:9 |    2356 |     932 |  28.3 |      23 |       4 |  14.8
       D:10 |     530 |       0 |   0.0 |      10 |       0 |   0.0
       D:11 |    1061 |       0 |   0.0 |       5 |       0 |   0.0
       D:12 |     803 |       0 |   0.0 |       4 |       0 |   0.0
            +---------+---------+-------+---------+---------+-------
